 Dungeon Crawl Stone Soup version 0.31-a0-221-gbddc013574 (webtiles) character file.

Game seed: 447782516577466916

145417 olmar the Earth Mage (level 16, -5/119 HPs)
             Began as a Demigod Earth Elementalist on July 4, 2023.
             Slain by a white very ugly thing (32 damage)
             ... on level 15 of the Dungeon.
             The game lasted 01:00:19 (41726 turns).

olmar the Earth Mage (Demigod Earth Elementalist)  Turns: 41726, Time: 01:00:19

Health: -5/119     AC: 11    Str:  9    XL:     16   Next: 34%
Magic:  0/51       EV: 13    Int: 35    God:
Gold:   2311       SH:  0    Dex: 14    Spells: 27/48 levels left

rFire   . . .        t - staff of Guile {Stlth+ Earth}
rCold   . . .        Y - orb {light}
rNeg    . . .        z - +1 robe "Ylobaax" {rPois Int-2 Stlth+}
rPois   +            I - +2 hat
rElec   .            L - +0 cloak
rCorr   .            R - +1 pair of gloves
SInv    .            O - +2 pair of boots {Fly}
Will    ++...        E - amulet of guardian spirit
Stlth   ++           M - ring of willpower
HPRegen 0.39/turn    j - ring of magical power
MPRegen 0.32/turn

%: guardian spirit
@: flying, glowing
A: high MP 1, forlorn, divine attributes, horns 1, talons 1, sturdy frame 1
a: no special abilities


You were on level 15 of the Dungeon.
You visited 5 branches of the dungeon, and saw 26 of its levels.
You also visited: Bailey.

You collected 2863 gold pieces.
You spent 552 gold pieces at shops.

Inventory:

Hand Weapons
 r - the +9 quarterstaff "Qosoceka" {elec, rElec}
   (You found it on level 3 of the Dungeon)

   rElec:     It insulates you from electricity.
Missiles
 X - 6 datura-tipped darts
Armour
 a - the +0 pair of gloves of Ufiat {-Tele Regen+ Dex+4 Stlth+}
   (You found it on level 7 of the Dungeon)

   Dex:       It affects your dexterity (+4).
   -Tele:     It prevents most forms of teleportation.
   Regen:     It increases your rate of health regeneration.
   Stlth:     It makes you more stealthy.
 v - +0 steam dragon scales
 z - the +1 robe "Ylobaax" (worn) {rPois Int-2 Stlth+}
   (You bought it in a shop on level 15 of the Dungeon)

   Int:       It affects your intelligence (-2).
   rPois:     It protects you from poison.
   Stlth:     It makes you more stealthy.
 I - a +2 hat (worn)
 L - a +0 cloak (worn)
 O - a +2 pair of boots of flying (worn)
 R - a +1 pair of gloves (worn)
 V - a +0 robe of positive energy
 Y - an orb of light (worn)
Magical Staves
 t - the staff of Guile (weapon) {Stlth+ Earth}
   (You acquired it on level 5 of the Lair of Beasts)

   [staff of earth]

   Base accuracy: +5 Base damage: 5 Base attack delay: 1.2 This weapon's minimum
   attack delay (0.6) is reached at skill level 12.
   Earth:     It increases the power of your Earth spells.
   Stlth:     It makes you more stealthy.
   It falls into the 'Staves' category.
   It is a one-handed weapon.
Jewellery
 f - a ring of protection from fire
 h - the ring "Zuown" {Ice Dex+3}
   (You found it on level 10 of the Dungeon)

   [ring of ice]

   It enhances your ice magic.
   Dex:       It affects your dexterity (+3).
   rF:        It makes you vulnerable to fire.
   rC:        It protects you from cold.
 j - a ring of magical power (right hand)
 E - an amulet of guardian spirit (around neck)
 G - a ring of ice
 M - a ring of willpower (left hand)
 S - a ring of poison resistance
 T - a +4 ring of protection
Wands
 p - a wand of digging (13)
 q - a wand of flame (35)
 s - a wand of polymorph (15)
 u - a wand of iceblast (32)
 Z - a wand of charming (10)
Scrolls
 e - 15 scrolls of teleportation
 g - 4 scrolls of immolation
 k - 3 scrolls of fear
 n - 2 scrolls of poison
 o - 5 scrolls of amnesia
 y - a scroll of identify
 C - 4 scrolls of fog
 D - 2 scrolls of revelation
 F - a scroll of silence
 H - 4 scrolls of summoning
 J - 3 scrolls of blinking
Potions
 b - a potion of magic
 c - a potion of invisibility
 d - 3 potions of mutation
 i - 4 potions of cancellation
 m - 4 potions of attraction
 w - a potion of resistance
 x - 2 potions of haste
 A - 4 potions of brilliance
 B - a potion of might
 N - 5 potions of enlightenment
 Q - a potion of heal wounds
 W - a potion of lignification
Miscellaneous
 l - a box of beasts
 K - a piece from Xom's chessboard (15/15)
 P - a phial of floods


   Skills:
 + Level 5.2 Fighting
 + Level 0.3 Staves
 - Level 4.0 Dodging
 - Level 2.0 Stealth
 + Level 16.6 Spellcasting
 + Level 12.0 Conjurations
 + Level 2.9 Transmutations
 + Level 17.5 Earth Magic
 - Level 1.3 Evocations


You had 27 spell levels left.
You knew the following spells:

 Your Spells              Type           Power      Damage    Failure   Level
a - Sandblast             Erth           100%       2d20      0%          1
b - Passwall              Tmut/Erth      83%        N/A       1%          2
c - Stone Arrow           Conj/Erth      100%       3d13      0%          3
d - Petrify               Tmut/Erth      100%       N/A       1%          4
e - Leda's Unmaking       Conj/Erth      57%        9d9       1%          6
f - Lee's Rapid Deconstr  Erth           61%        3d28*     1%          5

Your spell library contained the following spells:

 Spells                   Type           Power      Damage    Failure   Level
 Magic Dart               Conj           100%       1d8       0%          1
 Searing Ray              Conj           100%       2d8       0%          2
 Apportation              Tloc           58%        N/A       1%          1
 Foxfire                  Conj/Fire      100%       2x1d9     1%          1
 Shock                    Conj/Air       100%       1d9       1%          1
 Sting                    Tmut/Pois      100%       1d8       1%          1
 Summon Small Mammal      Summ           100%       N/A       1%          1
 Poisonous Vapours        Pois/Air       58%        N/A       1%          2
 Animate Armour           Summ/Erth      100%       N/A       1%          4
 Fulminant Prism          Conj/Hex       31%        3d15      1%          4
 Iskenderun's Mystic Bla  Conj/Tloc      63%        2d13      1%          4
 Sticky Flame             Conj/Fire      63%        2d8       1%          4
 Borgnjor's Vile Clutch   Necr/Erth      47%        N/A       1%          5
 Iskenderun's Battlesphe  Conj           85%        2d13      1%          5
 Ignite Poison            Fire/Tmut/Pois 36%        N/A       2%          3
 Gell's Gravitas          Tloc           29%        N/A       3%          3
 Ozocubu's Armour         Ice            29%        N/A       3%          3
 Swiftness                Air            29%        N/A       3%          3
 Teleport Other           Tloc           29%        N/A       3%          3
 Tukima's Dance           Hex            29%        N/A       3%          3
 Vhi's Electric Charge    Tloc/Air       58%        N/A       3%          3
 Volatile Blastmotes      Fire/Tloc      58%        2d14      3%          3
 Arcjolt                  Conj/Air       31%        1d41      3%          5
 Fireball                 Conj/Fire      31%        3d13      3%          5
 Blade Hands              Tmut           24%        N/A       11%         5
 Airstrike                Air            14%        2d(3-19)  13%         4
 Animate Dead             Necr           29%        N/A       13%         4
 Cause Fear               Hex            14%        N/A       13%         4
 Olgreb's Toxic Radiance  Pois           29%        N/A       13%         4
 Passage of Golubria      Tloc           29%        N/A       13%         4
 Summon Lightning Spire   Summ/Air       29%        N/A       13%         4
 Starburst                Conj/Fire      31%        6d10      16%         6
 Alistair's Intoxication  Tmut/Pois      26%        N/A       19%         5
 Yara's Violent Unravell  Hex/Tmut       19%        3d9       19%         5
 Metabolic Englaciation   Hex/Ice        14%        N/A       34%         5
 Spellforged Servitor     Conj/Summ      31%        N/A       65%         7
 Eringya's Noxious Bog    Tmut/Pois      19%        N/A       71%         6
 Death Channel            Necr           14%        N/A       89%         6
 Dispersal                Tloc           14%        N/A       89%         6
 Plasma Beam              Fire/Air       14%        2x1d25    89%         6
 Simulacrum               Ice/Necr       14%        N/A       89%         6
 Dragon Form              Tmut           24%        N/A       97%         7
 Discord                  Hex            14%        N/A       100%        8
 Ignition                 Fire           14%        3d6       100%        8
 Maxwell's Capacitive Co  Air            14%        ∞         100%        8
 Dragon's Call            Summ           14%        N/A       100%        9


Dungeon Overview and Level Annotations

Branches:
Dungeon (15/15)            Temple (0/1) D:5            Lair (5/5) D:10
 Shoals (0/4) Lair:3       Spider (0/4) Lair:2        Slime (0/5) Lair:4
    Orc (2/2) D:10            Elf (3/3) Orc:2        Vaults (0/5) D:13
 Depths (1/4) D:15         Bailey (visited)

Shops:
D:15 ([*   Orc:2 ([((:   Elf:1 !   Elf:2 [!=

Portals:
Abyss: Lair:5

Annotations:
D:15 2 transporters, Otyfaod's ghost, adept GrFi
Elf:2 5 runed translucent doors


Innate Abilities, Weirdness & Mutations

You have an increased reservoir of magic. (+10% MP)
You shall have no god before yourself.
Your divine heritage dramatically boosts your attributes as you level up.
You have a pair of small horns on your head.
You have sharp toenails.
Your movements are slightly less encumbered by armour. (ER -2)


Message History

The white very ugly thing is almost dead.
Casting: Leda's Unmaking (mildly dangerous; 1% risk of failure)
Confirm with . or Enter, or press ? or * to list all spells.
Aiming: Leda's Unmaking (mildly dangerous; 1% risk of failure)
Press: ? - help, Shift-Dir - straight line, f/p - white very ugly thing
Aim: a white very ugly thing (almost dead, haloed, 85% to hit)
You feel a surge of power!
The entropic shot hits the white very ugly thing!!!
The white very ugly thing dissolves into mud!
You kill the white very ugly thing!
Your phial of floods has recharged.
Casting: Leda's Unmaking (mildly dangerous; 1% risk of failure)
Confirm with . or Enter, or press ? or * to list all spells.
Aiming: Leda's Unmaking (mildly dangerous; 1% risk of failure)
Press: ? - help, Shift-Dir - straight line, f - white very ugly thing
Aim: a white very ugly thing (haloed, 85% to hit)
You feel a surge of power!
The entropic shot hits the white very ugly thing!!!
The white very ugly thing is heavily wounded.
The white very ugly thing tentacle-slaps you.
The white very ugly thing freezes you!!!
The white very ugly thing pecks you!
The white very ugly thing freezes you!!!
* * * LOW HITPOINT WARNING * * *
You fly upwards.
Welcome back to the Dungeon!
Level annotation: 2 transporters, Otyfaod's ghost, adept GrFi
There is a staircase to the Depths here.
Okay, then.
Casting: Leda's Unmaking (mildly dangerous; 1% risk of failure)
Confirm with . or Enter, or press ? or * to list all spells.
Aiming: Leda's Unmaking (mildly dangerous; 1% risk of failure)
Press: ? - help, Shift-Dir - straight line, f - white very ugly thing
Aim: a white very ugly thing (haloed, 85% to hit)
You feel a surge of power!
The entropic shot hits the white very ugly thing!!!
The white very ugly thing is almost dead.
The white very ugly thing tentacle-slaps you.
* * * LOW HITPOINT WARNING * * *
The white very ugly thing freezes you!!
You die...

#########.#######
####...#.....#
#####..#.≈.#.≈...#
########
#...#..#...#...#.#
.......#
#.#.###.###'####.#
^......# ###.#
##.^.#...#.##
.......# #.#
#u≈)#.≈.#..#
.......# #.#
##u..#^..##.#
.......# #.#
#@###.#####.#
######## #.# ###
##..# #.# #.#
######..# #.# #.#
#...##### #.# #.#
#.#.#######.# #.#
#.#.........#
#.###.###########
#.†.†.........#
########.######.##


You could see 2 very ugly things.

Vanquished Creatures
  Rupert (Orc:2)
  A quicksilver dragon (shapeshifter) (Elf:2)
  A deep elf sorcerer (Elf:3)
  A very ugly thing (Depths:1)
  Nessos (Orc:2)
  Azrael (D:14)
  4 deep elf demonologists
  A vault guard (D:13)
  3 hydras
  Harold (Lair:1)
  2 boulder beetles
  An ogre mage (D:15)
  4 centaur warriors
  2 catoblepae
  Erica (D:8)
  9 two-headed ogres
  16 dancing weapons
  3 thrashing horrors (Lair:5)
  A tengu warrior (D:12)
  8 orc high priests (Orc:2)
  9 deep elf knights
  3 skysharks
  14 skeletal warriors
  A wizard (D:15)
  Pikel (D:8)
  A lindwurm (Lair:4)
  10 deep elf archers
  A harpy (shapeshifter) (Elf:2)
  29 deep elf zephyrmancers
  An orc knight (Orc:2)
  22 ugly things
  5 cyclopes
  31 deep elf pyromancers
  3 manticores
  2 large abominations (Lair:5)
  24 elephants
  A salamander (D:15)
  4 black mambas
  A slime creature (D:15)
  Maurice (Orc:2)
  A gargoyle (D:12)
  3 smoke demons (Lair:5)
  A rime drake (Lair:3)
  15 cane toads
  10 komodo dragons
  An unseen horror (D:11)
  An efreet (D:15)
  An ancient zyme (Lair:5)
  A tengu conjurer (D:13)
  5 trolls
  2 polar bears
  A tarantella (shapeshifter) (Elf:2)
  27 blink frogs
  4 dream sheep (Lair:5)
  2 culicivoras (Lair:2)
  A jumping spider (Lair:2)
  3 air elementals
  A ynoxinul (Lair:5)
  2 wyverns
  A spriggan (Lair:5)
  25 yaks
  Eustachio (D:5)
  9 basilisks
  7 fire elementals
  A basilisk (shapeshifter) (D:13)
  2 chaos spawn (Lair:5)
  2 steam dragons
  Grum (D:10)
  A vampire mosquito (D:13)
  Menkaure (D:4)
  5 wargs (Orc:2)
  A swamp worm (shapeshifter) (D:15)
  2 acid dragons
  2 hell hounds
  12 small abominations (Lair:5)
  21 water moccasins
  16 orc warriors
  2 black bears
  3 ice beasts
  A sky beast (D:7)
  4 ogres
  9 boggarts
  8 centaurs
  5 wolves
  A kobold brigand (D:7)
  19 bullfrogs
  A gnoll sergeant (D:7)
  5 earth elementals
  8 wights
  8 killer bees
  7 electric eels
  3 howler monkeys
  32 orc priests
  A hound (D:5)
  2 jellies
  A sleepcap (D:6)
  Ijyb (D:3)
  2 iguanas
  19 orc wizards
  9 gnolls
  4 adders
  A white imp (D:8)
  An ufetubus (D:7)
  2 worms
  4 dart slugs
  76 orcs
  10 ball pythons
  A bat (D:2)
  2 endoplasms (D:4)
  4 giant cockroaches
  12 goblins
  7 hobgoblins
  3 jackals (D:5)
  6 quokkas
  7 frilled lizards
  36 kobolds
  4 rats
749 creatures vanquished.

Vanquished Creatures (collateral kills)
  2 deep elf pyromancers (Elf:2)
  An elephant (Lair:1)
  A basilisk (Lair:5)
  An orc (Orc:2)
5 creatures vanquished.

Vanquished Creatures (others)
  A water elemental (Elf:2)
1 creature vanquished.

Grand Total: 755 creatures vanquished

Notes
Turn   | Place    | Note
-------+----------+-------------------------------------------
     0 | D:1      | olmar the Demigod Earth Elementalist began the quest for
                  | the Orb.
     0 | D:1      | Reached XP level 1. HP: 14/14 MP: 5/5
   229 | D:1      | Reached XP level 2. HP: 20/20 MP: 5/7
   368 | D:1      | Reached skill level 3 in Earth Magic
   475 | D:1      | Learned a level 2 spell: Passwall
  1062 | D:2      | Reached XP level 3. HP: 26/26 MP: 5/9
  1672 | D:3      | Identified the +9 quarterstaff "Qosoceka" {elec, rElec}
  1755 | D:3      | Identified the +0 ring mail of the Lute {+Blink}
  1857 | D:3      | Reached XP level 4. HP: 33/33 MP: 7/11
  2054 | D:3      | Noticed Ijyb
  2065 | D:3      | Killed Ijyb
  2493 | D:4      | Noticed Menkaure
  2563 | D:4      | Killed Menkaure
  2564 | D:4      | Reached skill level 4 in Earth Magic
  2564 | D:4      | Reached XP level 5. HP: 38/38 MP: 11/13
  2586 | D:4      | Noticed Sigmund
  2590 | D:4      | Sigmund changed into Sigmund the jelly
  2590 | D:4      | Noticed Sigmund
  2592 | D:4      | Killed Sigmund the jelly
  2616 | D:4      | Reached XP level 6. HP: 37/46 MP: 6/15
  2881 | D:4      | Noticed Edmund
  2882 | D:4      | Edmund changed into Edmund the orc
  2882 | D:4      | Noticed Edmund
  2884 | D:4      | Killed Edmund the orc
  3218 | D:5      | Entered Level 5 of the Dungeon
  3226 | D:5      | Noticed Eustachio
  3860 | D:5      | Killed Eustachio
  3910 | D:5      | Found a staircase to the Ecumenical Temple.
  4013 | D:5      | Reached skill level 5 in Earth Magic
  4357 | D:6      | Gained mutation: Your movements are slightly less
                  | encumbered by armour. (ER -2) [potion of mutation]
  4357 | D:6      | Gained mutation: You have a pair of small horns on your
                  | head. [potion of mutation]
  4357 | D:6      | Gained mutation: You have sharp toenails. [potion of
                  | mutation]
  4493 | D:6      | Reached skill level 5 in Spellcasting
  4493 | D:6      | Reached XP level 7. HP: 51/51 MP: 15/18
  4553 | D:6      | Reached skill level 1 in Fighting
  4566 | D:6      | Learned a level 3 spell: Stone Arrow
  4571 | D:6      | Learned a level 4 spell: Petrify
  5189 | D:7      | Reached skill level 6 in Earth Magic
  5206 | D:7      | Reached XP level 8. HP: 48/59 MP: 16/21
  5769 | D:7      | Identified the +0 pair of gloves of Ufiat {-Tele Regen+
                  | Dex+4 Stlth+}
  6213 | D:8      | Reached skill level 7 in Earth Magic
  6339 | D:8      | Found a flagged portal.
  6372 | Bailey   | Entered a bailey
  6499 | Bailey   | Reached XP level 9. HP: 41/67 MP: 8/24
  6688 | Bailey   | Reached skill level 1 in Transmutations
  6993 | Bailey   | Identified the +3 leather armour "Buyluini" {+Blink Int+2}
  7382 | D:8      | Noticed Pikel
  7399 | D:8      | Killed Pikel
  7400 | D:8      | Reached skill level 8 in Earth Magic
  8013 | D:8      | Reached skill level 1 in Conjurations
  8269 | D:8      | Noticed Erica
  8285 | D:8      | Killed Erica
  8610 | D:9      | Reached XP level 10. HP: 75/75 MP: 20/27
  8896 | D:9      | Reached skill level 9 in Earth Magic
  9598 | D:10     | Entered Level 10 of the Dungeon
  9603 | D:10     | Found a staircase to the Lair.
  9611 | D:10     | Learned a level 6 spell: Leda's Unmaking
  9900 | D:10     | Noticed a two-headed ogre
  9911 | D:10     | Killed a two-headed ogre
  9912 | D:10     | Reached skill level 1 in Evocations
 10474 | D:10     | Noticed a two-headed ogre
 10479 | D:10     | Killed a two-headed ogre
 10567 | D:10     | Found a staircase to the Orcish Mines.
 10581 | D:10     | Identified the ring "Zuown" {Ice Dex+3}
 10694 | D:10     | Noticed Grum
 10698 | D:10     | Killed Grum
 11088 | Orc:1    | Entered Level 1 of the Orcish Mines
 11240 | Orc:2    | Entered Level 2 of the Orcish Mines
 11240 | Orc:2    | Found a staircase to the Elven Halls.
 11525 | Orc:2    | Noticed an orc knight
 11602 | Lair:1   | Entered Level 1 of the Lair of Beasts
 11615 | Lair:1   | Reached skill level 10 in Spellcasting
 11619 | Lair:1   | Reached XP level 11. HP: 71/82 MP: 10/29
 11803 | Lair:1   | Reached skill level 10 in Earth Magic
 12000 | Lair:1   | Reached skill level 5 in Conjurations
 12337 | Lair:1   | Noticed Harold
 12344 | Lair:1   | Killed Harold
 13391 | Lair:2   | Reached skill level 11 in Earth Magic
 14097 | Lair:2   | Learned a level 5 spell: Lee's Rapid Deconstruction
 14237 | Lair:2   | Found a hole to the Spider Nest.
 14245 | Lair:2   | Reached XP level 12. HP: 91/91 MP: 6/31
 15038 | Lair:3   | Noticed a catoblepas
 15049 | Lair:3   | Killed a catoblepas
 15186 | Lair:3   | Reached skill level 12 in Earth Magic
 15845 | Lair:3   | Found a staircase to the Shoals.
 16798 | Lair:4   | Found a staircase to the Slime Pits.
 19255 | Lair:5   | Entered Level 5 of the Lair of Beasts
 19494 | Lair:5   | Reached skill level 13 in Earth Magic
 19494 | Lair:5   | Reached XP level 13. HP: 96/96 MP: 18/34
 20536 | Lair:5   | Identified a scroll of acquirement
 20543 | Lair:5   | Acquired the staff of Guile {Stlth+ Earth}
 22490 | Lair:5   | Reached skill level 14 in Earth Magic
 22567 | Lair:5   | Found a one-way gate to the infinite horrors of the Abyss.
 24001 | Orc:2    | Found Mefohenn's Book Shoppe.
 24028 | Orc:2    | Noticed Rupert
 24029 | Orc:2    | Noticed Maurice
 24034 | Orc:2    | Killed Rupert
 24035 | Orc:2    | Reached XP level 14. HP: 105/105 MP: 17/36
 24035 | Orc:2    | Killed Maurice
 24492 | Orc:2    | Found Kuqu's Weapon Emporium.
 24492 | Orc:2    | Found Gokkem's Antique Weapon Boutique.
 24690 | Orc:2    | Reached skill level 10 in Conjurations
 24904 | Orc:2    | Found Vaowiuh's Armour Emporium.
 24904 | Orc:2    | Found Cos Jaim's Weapon Boutique.
 25074 | Orc:2    | Noticed Nessos
 25097 | Orc:2    | Killed Nessos
 25420 | Elf:1    | Entered Level 1 of the Elven Halls
 26427 | Elf:1    | Found Qox Fuam's Distillery.
 26435 | Elf:1    | Bought a potion of haste for 140 gold pieces
 26435 | Elf:1    | Bought a potion of curing for 42 gold pieces
 26435 | Elf:1    | Bought 2 potions of curing for 84 gold pieces
 27132 | Elf:1    | Reached skill level 15 in Earth Magic
 27459 | Elf:1    | Got Asmodeus's Handbook of the Commander
 28340 | D:11     | Identified the +2 leather armour of Dim Light {rElec}
 31018 | D:13     | Found a gate to the Vaults.
 31349 | D:14     | Noticed Azrael
 31581 | D:14     | Killed Azrael
 31582 | D:14     | Reached XP level 15. HP: 39/112 MP: 21/39
 32348 | D:14     | Reached skill level 5 in Fighting
 32887 | D:15     | Entered Level 15 of the Dungeon
 32891 | D:15     | Reached skill level 15 in Spellcasting
 33104 | D:15     | Found Umiudux's Weapon Emporium.
 33273 | D:15     | Found a transporter.
 33278 | D:15     | Noticed Otyfaod's ghost (adept GrFi)
 33354 | D:15     | Reached skill level 16 in Earth Magic
 33702 | D:15     | Found Agesmoa's Antique Armour Emporium.
 33772 | D:15     | HP: 8/169 [poisoned by a skeletal warrior]
 33777 | D:15     | HP: 4/169 [poisoned by a skeletal warrior]
 34296 | D:15     | Found Zaubo's Assorted Antiques.
 34724 | D:15     | Found a transporter.
 35632 | D:15     | Bought a fine robe for 182 gold pieces
 35632 | D:15     | Identified the +1 robe "Ylobaax" {rPois Int-2 Stlth+} (You
                  | bought it in a shop on level 15 of the Dungeon)
 36014 | D:15     | Found a staircase to the Depths.
 36897 | Elf:2    | Found Omiekhlo's Distillery.
 36901 | Elf:2    | Found Ollenuro's Antique Armour Shoppe.
 37076 | Elf:2    | Bought a potion of heal wounds for 65 gold pieces
 37076 | Elf:2    | Bought a potion of curing for 39 gold pieces
 37528 | Elf:2    | Paralysed by an air elemental for 1 turns
 38136 | Elf:2    | Reached skill level 17 in Earth Magic
 38514 | Elf:2    | Reached XP level 16. HP: 119/119 MP: 16/41
 38610 | Elf:2    | Noticed a quicksilver dragon
 38613 | Elf:2    | Killed a quicksilver dragon
 39226 | Elf:2    | Found Losotasm's Jewellery Shoppe.
 39427 | Elf:2    | Found a huge runed translucent gate.
 39427 | Elf:2    | Found a huge runed translucent gate.
 39427 | Elf:2    | Found a huge runed translucent gate.
 39427 | Elf:2    | Found a huge runed translucent gate.
 39427 | Elf:2    | Found a huge runed translucent gate.
 39765 | Elf:3    | Entered Level 3 of the Elven Halls
 41719 | Depths:1 | Entered Level 1 of the Depths
 41726 | D:15     | Slain by a white very ugly thing

Illustrated notes

Levels and vault maps discovered:
D:1:      dpeg_arrival_rooms_a, layout_rooms,
          shapermc_ecumenical_altar_starsandcircs, skrybe_limestone_x,
          nrook_campfire
D:2:      layout_basic
D:3:      layout_loops_corners, uniq_ijyb
D:4:      layout_rooms, marbit_many_paths, uniq_edmund, uniq_menkaure,
          uniq_sigmund
D:5:      layout_basic, mainiacjoe_overflow_surrounded_room,
          minmay_temple_entry_glassed_door, uniq_eustachio
D:6:      layout_basic, hellmonk_bongcloud_opening
D:7:      layout_loops_cross, general_overflow_altar
D:8:      layout_basic, overflow_temple_1_default, amcnicky_altar_gilded,
          enter_bailey_4, uniq_pikel, uniq_erica
D:9:      layout_basic, serial_ice, serial_ice_j, serial_ice_c, serial_ice_f,
          serial_ice_e
D:10:     layout_basic, david_lair_shrubbed, orc_0_dummy,
          dreamdust_princess_corridor, serial_bayou_ford_a, library_closet,
          st_stairs_12, chequers_decorated_corner, uniq_grum
D:11:     layout_irregular_city
D:12:     layout_roguey, st_stairs_7
D:13:     layout_basic, david_vaults_5, grunt_qazlal_clouds
D:14:     layout_roguey, uniq_azrael
D:15:     hangedman_depths_entry_try_elsewhere_first, layout_basic,
          gammafunk_ghost_stat_death, elyvilon_altar_1, serial_shops,
          nicolae_inconvenience_store, nicolae_shop_bloodbath_and_beyond, shop
Lair:1:   layout_gridlike, uniq_harold
Lair:2:   layout_regular_city, spider_nest_entry_funnel_web,
          chequers_serial_rivers_marsh, chequers_serial_rivers_micro_d
Lair:3:   layout_cave_pods, minmay_shoals_entry_centaurs, grunt_megastairs_3
Lair:4:   layout_small_grid, slime_entry_1, kilobyte_rumbling_trees,
          serial_bayou_shore_b
Lair:5:   hellmonk_lair_end_abyssal_woods, layout_misc_corridors,
          grunt_megastairs_5, serial_bayou_shore_b
Orc:1:    layout_caves, special_room [special_room_bee], serial_shops,
          shop_statue
Orc:2:    st_orc_town, layout_caves, serial_shops, nicolae_shop_gibbet_a_chance,
          uniq_nessos, uniq_maurice, uniq_rupert
Elf:1:    eino_elf_arrival_altar, layout_gridlike, serial_shops, shop,
          minmay_elf_demonology, grunt_ministairs_12
Elf:2:    elven_hall_of_blades_hangedman_alternative
          [nicolae_blade_little_rooms], layout_geoelf_octagon, serial_shops,
          nicolae_take_the_stairs, minivault_28, minmay_shop_star
Elf:3:    elf_hall, layout_loops_cross
Depths:1: layout_roguey, enter_ziggurat_b, minmay_door_square,
          pf_vacation_house_of_asmodeus, abyss_entry, kb_rosetta

Skill      XL: |  1  2  3  4  5  6  7  8  9 10 11 12 13 14 15 16 |
---------------+-------------------------------------------------+-----
Spellcasting   | 2 3 4 5 6 7 9 10 11 12 13 14 16 | 16.6
Stealth        | 2 |  2.0
Dodging        | 2 3 4 |  4.0
Earth Magic    | 3 4 5 6 7 8 9 11 13 14 15 17 | 17.5
Fighting       | 1 2 3 4 5 |  5.2
Transmutations | 1 2 |  2.9
Conjurations   | 2 4 6 7 9 11 12 | 12.0
Evocations     | 1 |  1.3
Staves         | |  0.3

Action                     |  1- 3 |  4- 6 |  7- 9 | 10-12 | 13-15 | 16-18 || total
---------------------------+-------+-------+-------+-------+-------+-------++-------
  Melee: Unarmed           |     1 |       |       |       |       |       ||     1
         Quarterstaff      |       |     4 |    47 |   118 |    18 |       ||   187
         Headbutt          |       |       |    10 |    29 |    76 |       ||   115
         Kick              |       |       |     4 |       |       |       ||     4
         Staff             |       |       |       |       |   203 |       ||   203
  Throw: Dart              |       |       |       |     1 |       |       ||     1
   Cast: Sandblast         |    79 |    66 |   116 |    24 |     8 |       ||   293
         Stone Arrow       |       |       |    40 |   284 |   157 |       ||   481
         Petrify           |       |       |     6 |     1 |     1 |       ||     8
         Lee's Rapid Decon |       |       |       |    31 |   118 |    23 ||   172
         Passwall          |       |       |       |     1 |       |       ||     1
         Leda's Unmaking   |       |       |       |     9 |   232 |    33 ||   274
  Evoke: Wand              |       |    13 |    21 |    21 |    23 |       ||    78
         Piece from Xom's  |       |       |     3 |       |       |       ||     3
         Box of beasts     |       |       |       |     2 |     4 |       ||     6
         Phial of floods   |       |       |       |     2 |     3 |       ||     5
    Use: Scroll            |       |     4 |     7 |     9 |     8 |     1 ||    29
         Potion            |       |     1 |     4 |     1 |    21 |       ||    27
   Stab: Sleeping          |       |       |     1 |       |       |       ||     1
         Petrified         |       |       |    16 |     4 |       |       ||    20
         Petrifying        |       |       |     3 |       |       |       ||     3
 Armour: Robe              |     5 |     2 |     7 |       |     9 |     1 ||    24
         Steam dragon scal |       |       |    19 |   147 |   129 |       ||   295
  Dodge: Dodged            |    20 |    15 |    74 |   189 |   175 |     3 ||   476

Table legend: (Time is in decaauts)
 A = Elapsed time spent in this place.
 B = Non-inter-level travel time spent in this place.
 C = Inter-level travel time spent in this place.
 D = Time resting spent in this place.
 E = Time spent auto-exploring this place.
 F = Levels seen in this place.
 G = Mean time per level.
                   A        B        C        D        E       F      G
               +--------+--------+--------+--------+--------+-----+--------+
         Total |  41974 |  40130 |   1844 |  16288 |  19230 |  27 | 1554.6 |
       Dungeon |  19057 |  17930 |   1127 |   4534 |  11335 |  15 | 1270.5 |
          Lair |  11295 |  11105 |    190 |   4654 |   5186 |   5 | 2259.0 |
  Orcish Mines |   3210 |   3131 |     79 |   1653 |   1011 |   2 | 1605.0 |
   Elven Halls |   7679 |   7233 |    446 |   5064 |   1542 |   3 | 2559.7 |
        Depths |      5 |      5 |      0 |      0 |      0 |   1 |    5.0 |
        Bailey |    726 |    726 |      0 |    382 |    156 |   1 |  726.0 |
               +--------+--------+--------+--------+--------+-----+--------+

Top non-repeatable levels by time:
    D:15: 3268 daAuts
   Elf:2: 3085 daAuts
  Lair:5: 3064 daAuts
  Lair:4: 2978 daAuts
   Elf:1: 2860 daAuts
   Orc:2: 2789 daAuts
  Lair:3: 2042 daAuts
    D:10: 1749 daAuts
   Elf:3: 1733 daAuts
  Lair:2: 1693 daAuts
  Lair:1: 1517 daAuts
    D:14: 1505 daAuts
     D:8: 1483 daAuts
     D:7: 1237 daAuts
    D:13: 1232 daAuts
